 Dungeon Crawl Stone Soup version 0.32-a0-131-g9dbbe29261 (webtiles) character file.

Game seed: 1444144072999173991

209 CougarLife the Chopper (level 5, -8/36 (43) HPs)
             Began as a Gnoll Reaver on Feb 8, 2024.
             Mangled by Duvessa
             ... wielding a +0 long sword of flaming
              (9 damage)
             ... on level 4 of the Dungeon.
             The game lasted 00:05:39 (3569 turns).

CougarLife the Chopper (Gnoll Reaver)               Turns: 3569, Time: 00:05:40

HP:   -8/36 (43)    AC:  5    Str: 13    XL:     5   Next: 87%
MP:   10/12         EV: 13    Int: 12    God:
Gold: 114           SH:  0    Dex: 11    Spells: 11/14 levels left

rFire   . . .        a - +0 hand axe
rCold   . . .        (no shield)
rNeg    . . .        b - +0 leather armour
rPois   .            i - +0 helmet
rElec   .            (no cloak)
rCorr   .            o - +0 pair of gloves
SInv    .            (no boots)
Will    .....        (no amulet)
Stlth   +            (no ring)
HPRegen 0.26/turn    (no ring)
MPRegen 0.13/turn

%: no passive effects
@: heavily drained
A: fangs 1, strong nose, distributed training
a: no special abilities


You were on level 4 of the Dungeon.
You visited 1 branch of the dungeon, and saw 4 of its levels.

You collected 114 gold pieces.

Inventory:

Hand Weapons
 a - a +0 hand axe (weapon)
Armour
 b - a +0 leather armour (worn)
 i - a +0 helmet (worn)
 o - a +0 pair of gloves (worn)
Scrolls
 c - 2 scrolls of butterflies {unknown}
 e - 2 scrolls of noise {unknown}
 h - 2 scrolls of teleportation {unknown}
 k - 3 scrolls of identify {unknown}
 m - 3 scrolls of revelation {unknown}
 p - a scroll of fear {unknown}
 q - a scroll of blinking {unknown}
 r - a scroll of immolation {unknown}
Potions
 d - 3 potions of heal wounds {unknown}
 f - 3 potions of mutation {unknown}
 g - 2 potions of might {unknown}
 j - 2 potions of haste {unknown}
 l - 3 potions of attraction {unknown}
 n - a potion of degeneration {unknown}


   Skills:
 + Level 4.9 Fighting
 + Level 1.7 Short Blades
 + Level 1.7 Long Blades
 + Level 6.7 Axes
 + Level 1.7 Maces & Flails
 + Level 1.7 Polearms
 + Level 1.7 Staves
 + Level 1.7 Ranged Weapons
 + Level 1.7 Throwing
 + Level 1.7 Armour
 + Level 4.9 Dodging
 + Level 1.7 Stealth
 + Level 1.7 Shields
 + Level 1.7 Unarmed Combat
 + Level 5.3 Spellcasting
 + Level 5.6 Conjurations
 + Level 1.3 Hexes
 + Level 1.3 Summonings
 + Level 1.3 Necromancy
 + Level 1.3 Translocations
 + Level 1.3 Fire Magic
 + Level 1.3 Ice Magic
 + Level 1.3 Air Magic
 + Level 1.3 Earth Magic
 + Level 1.3 Alchemy
 + Level 2.0 Invocations
 + Level 1.7 Evocations
 + Level 1.5 Shapeshifting


You had 11 spell levels left.
You knew the following spells:

 Your Spells              Type           Power      Damage    Failure   Level
a - Kiss of Death         Conj/Necr      44%        2d8       6%          1
b - Momentum Strike       Conj/Tloc      22%        3d8       9%          2

Your spell library contained the following spells:

 Spells                   Type           Power      Damage    Failure   Level
 Magic Dart               Conj           64%        1d6       2%          1
 Searing Ray              Conj           32%        2d5       3%          2
 Slow                     Hex            24%        N/A       14%         1
 Dazzling Flash           Conj/Hex       22%        N/A       19%         3
 Hailstorm                Conj/Ice       11%        3d6       19%         3
 Confusing Touch          Hex            6%         N/A       38%         3
 Sigil of Binding         Hex            6%         N/A       38%         3
 Vampiric Draining        Necr           6%         2d6       38%         3
 Volatile Blastmotes      Fire/Tloc      12%        2d11      38%         3
 Fulminant Prism          Conj/Alch      5%         3d7       52%         4
 Starburst                Conj/Fire      5%         6d4       100%        6
 Maxwell's Capacitive Co  Air            3%         ∞         100%        8


Dungeon Overview and Level Annotations

Branches:
Dungeon (4/15)
 Temple: D:4-7

Altars:
Ashenzari
Cheibriados
Vehumet

Annotations:
D:4 Dowan, Duvessa


Innate Abilities, Weirdness & Mutations

You have very sharp teeth.
Your uncanny sense of smell can sniff out nearby items.
Your experience applies equally to all skills.


Message History

Duvessa is heavily wounded.
Duvessa barely misses you.
You barely miss Duvessa.
Duvessa is heavily wounded.
Duvessa closely misses you. Duvessa misses you.
You hit Duvessa. You bite Duvessa.
Duvessa is severely wounded.
You are no longer robbed of momentum.
Duvessa hits you with a +0 long sword of flaming.
Duvessa burns you.
You hit Duvessa but do no damage.
Duvessa is severely wounded.
Duvessa barely misses you.
Duvessa hits you with a +0 long sword of flaming.
Duvessa burns you.
You hit Duvessa but do no damage.
Duvessa is severely wounded.
Duvessa barely misses you.
You hit Duvessa but do no damage.
Duvessa is severely wounded.
Duvessa barely misses you.
Duvessa hits you with a +0 long sword of flaming.
* * * LOW HITPOINT WARNING * * *
Duvessa burns you.
* * * LOW HITPOINT WARNING * * *
You hit Duvessa but do no damage.
Duvessa is severely wounded.
Duvessa closely misses you.
You hit Duvessa but do no damage.
Duvessa is severely wounded.
Duvessa closely misses you.
You hit Duvessa but do no damage. You bite Duvessa, but do no damage.
Duvessa is severely wounded.
Duvessa seems less drained.
Duvessa hits you with a +0 long sword of flaming.
* * * LOW HITPOINT WARNING * * *
Duvessa burns you.
* * * LOW HITPOINT WARNING * * *
Duvessa hits you with a +0 long sword of flaming!
You die...

#.####.#
#####......#
#.#....#
#.......##^#
#.#.##.#
#.......##.#
#......#
#..(....##..
###.####
#.......####
#.##
#.......### .
#..#
#.......[.##
.. ##.#
#.......#.##
... #@#
#########.##
#...### #e#
#.##
#.e.e.###g#
#.##
#.....##e####
#.##
#..gg...#
#.#.
#.##.###.#
###.#. #.#.##
#..... ....
.......#.
##!#.
#...#####.


You could see Duvessa (fast), Dowan, a hobgoblin and 2 goblins.

Vanquished Creatures
  A bombardier beetle (D:4)
  An orc wizard (D:3)
  2 adders (D:2)
  2 dart slugs
  4 ribbon worms
  9 orcs (D:3)
  7 ball pythons
  6 endoplasms
  2 giant cockroaches
  9 goblins
  7 hobgoblins
  16 jackals
  8 kobolds
  A quokka (D:3)
  11 bats
  6 frilled lizards
  6 rats
98 creatures vanquished.

Notes
Turn   | Place    | Note
-------+----------+-------------------------------------------
     0 | D:1      | CougarLife the Gnoll Reaver began the quest for the Orb.
     0 | D:1      | Reached XP level 1. HP: 20/20 MP: 6/6
    66 | D:1      | Reached XP level 2. HP: 21/23 MP: 7/7
   325 | D:1      | Reached skill level 5 in Spellcasting
   325 | D:1      | Reached XP level 3. HP: 28/28 MP: 7/9
   524 | D:1      | Reached skill level 1 in Invocations
   856 | D:2      | Learned a level 2 spell: Momentum Strike
   942 | D:2      | Reached skill level 1 in Short Blades
   942 | D:2      | Reached skill level 1 in Long Blades
   942 | D:2      | Reached skill level 1 in Maces & Flails
   942 | D:2      | Reached skill level 1 in Polearms
   942 | D:2      | Reached skill level 1 in Staves
   942 | D:2      | Reached skill level 1 in Ranged Weapons
   942 | D:2      | Reached skill level 1 in Throwing
   942 | D:2      | Reached skill level 1 in Armour
   942 | D:2      | Reached skill level 1 in Stealth
   942 | D:2      | Reached skill level 1 in Shields
   942 | D:2      | Reached skill level 1 in Unarmed Combat
   942 | D:2      | Reached skill level 1 in Evocations
  1152 | D:2      | Found a broken altar of Ashenzari.
  1380 | D:2      | Reached skill level 1 in Shapeshifting
  1380 | D:2      | Reached XP level 4. HP: 30/38 MP: 11/11
  1564 | D:2      | Identified the +1 ring mail of Untruth {Rampage rF- rC++
                  | Dex+8}
  1788 | D:2      | Reached skill level 1 in Hexes
  1788 | D:2      | Reached skill level 1 in Summonings
  1788 | D:2      | Reached skill level 1 in Necromancy
  1788 | D:2      | Reached skill level 1 in Translocations
  1788 | D:2      | Reached skill level 1 in Fire Magic
  1788 | D:2      | Reached skill level 1 in Ice Magic
  1788 | D:2      | Reached skill level 1 in Air Magic
  1788 | D:2      | Reached skill level 1 in Earth Magic
  1788 | D:2      | Reached skill level 1 in Alchemy
  2071 | D:3      | Reached XP level 5. HP: 24/43 MP: 5/12
  2455 | D:3      | Found a radiant altar of Vehumet.
  2801 | D:3      | Found a snail-covered altar of Cheibriados.
  3540 | D:4      | Noticed Dowan
  3542 | D:4      | Noticed Duvessa
  3569 | D:4      | HP: 1/36 [Duvessa/+0 long sword of flaming (2)]
  3569 | D:4      | Mangled by Duvessa

Illustrated notes

Levels and vault maps discovered:
D:1:      minmay_arrival_solitary_statue, layout_loops_cross, moated_statue
D:2:      wad_lake_hut, layout_loops_ring, basic_altar
D:3:      layout_loops_cross, nicolae_vehumet_radiance,
          mainiacjoe_overflow_tiny_flanked
D:4:      layout_loops_cross, nzn_overflow_gifts_of_might_and_magic,
          uniq_natasha, uniq_robin

Skill      XL: |  1  2  3  4  5 |
---------------+----------------+-----
Spellcasting   | 5 |  5.3
Invocations    | 1 2 |  2.0
Short Blades   | 1 |  1.7
Long Blades    | 1 |  1.7
Maces & Flails | 1 |  1.7
Polearms       | 1 |  1.7
Staves         | 1 |  1.7
Ranged Weapons | 1 |  1.7
Throwing       | 1 |  1.7
Armour         | 1 |  1.7
Stealth        | 1 |  1.7
Shields        | 1 |  1.7
Unarmed Combat | 1 |  1.7
Evocations     | 1 |  1.7
Shapeshifting  | 1 |  1.5
Hexes          | 1 |  1.3
Summonings     | 1 |  1.3
Necromancy     | 1 |  1.3
Translocations | 1 |  1.3
Fire Magic     | 1 |  1.3
Ice Magic      | 1 |  1.3
Air Magic      | 1 |  1.3
Earth Magic    | 1 |  1.3
Alchemy        | 1 |  1.3
Fighting       | |  4.9
Axes           | |  6.7
Dodging        | |  4.9
Conjurations   | |  5.6

Action                     |  1- 3 |  4- 6 || total
---------------------------+-------+-------++-------
  Melee: Hand axe          |   143 |   184 ||   327
         Bite              |    16 |    15 ||    31
         Punch             |     4 |     8 ||    12
   Cast: Kiss of Death     |     2 |     1 ||     3
         Momentum Strike   |       |     6 ||     6
   Stab: Sleeping          |     1 |     1 ||     2
 Armour: Leather armour    |    80 |    98 ||   178
  Dodge: Dodged            |   106 |   112 ||   218

Table legend: (Time is in decaauts)
 A = Elapsed time spent in this place.
 B = Non-inter-level travel time spent in this place.
 C = Inter-level travel time spent in this place.
 D = Time resting spent in this place.
 E = Time spent auto-exploring this place.
 F = Levels seen in this place.
 G = Mean time per level.
                   A        B        C        D        E       F      G
               +--------+--------+--------+--------+--------+-----+--------+
         Total |   3600 |   3419 |    181 |    518 |   2176 |   4 |  900.0 |
       Dungeon |   3600 |   3419 |    181 |    518 |   2176 |   4 |  900.0 |
               +--------+--------+--------+--------+--------+-----+--------+

Top non-repeatable levels by time:
     D:2: 1143 daAuts
     D:3: 1081 daAuts
     D:1: 834 daAuts
     D:4: 540 daAuts
